 Dungeon Crawl Stone Soup version 0.29-a0-231-g945431f764 (webtiles) character file.

Game seed: 7883696253309980384

63 testman the Vexing (level 3, -2/23 HPs)
             Began as a Deep Elf Arcane Marksman on Feb 28, 2022.
             Was an Initiate of Yredelemnul.
             Killed from afar by a goblin (25 damage)
             ... with a bolt of acid
             ... on level 3 of the Dungeon.
             The game lasted 00:06:28 (2206 turns).

testman the Vexing (Deep Elf Arcane Marksman)       Turns: 2206, Time: 00:06:28

Health: -2/23      AC:  1    Str:  5 (7)  XL:     3   Next: 87%
Magic:  7/7        EV: 12    Int: 14 (17) God:    Yredelemnul [......]
Gold:   206        SH:  0    Dex: 14 (17) Spells: 1/5 levels left

rFire   . . .      SeeInvis +   a - +0 shortbow
rCold   . . .      Faith    .   (shield currently unavailable)
rNeg    . . .      Spirit   .   b - +0 robe
rPois   .          Reflect  .   (no helmet)
rElec   .          Harm     .   (no cloak)
rCorr   .          Rampage  .   (no gloves)
Will    .....                   (no boots)
Stlth   +.........              (no amulet)
HPRegen 0.07/turn               d - ring of see invisible
MPRegen 0.10/turn               (no ring)

@: no status effects
A: deformed body, robust 1
a: Renounce Religion, Recall Undead Harvest


You were on level 3 of the Dungeon.
You worshipped Yredelemnul.
Yredelemnul was noncommittal.
You visited 1 branch of the dungeon, and saw 3 of its levels.

You collected 206 gold pieces.

Inventory:

Hand Weapons
 a - a +0 shortbow (weapon)
Missiles
 h - a throwing net
Armour
 b - a +0 robe (worn)
Jewellery
 d - a ring of see invisible (left hand)
Wands
 g - a wand of digging (9)
Scrolls
 c - 2 scrolls of identify {unknown}
 i - a scroll of fog {unknown}
Potions
 e - a potion of brilliance {unknown}
 f - a potion of mutation


   Skills:
 + Level 1.8 Fighting
 + Level 4.0 Bows
 - Level 2.4 Dodging
 - Level 1.5 Spellcasting
 - Level 4.1 Hexes
 + Level 0.6 Translocations
 + Level 1.3 Invocations


You had one spell level left.
You knew the following spells:

 Your Spells              Type           Power      Damage    Failure   Level
a - Slow                  Hex            48%        N/A       4%          1
b - Portal Projectile     Hex/Tloc       14%        N/A       28%         3

Your spell library contained the following spells:

 Spells                   Type           Power      Damage    Failure   Level
 Ensorcelled Hibernation  Hex/Ice        12%        N/A       16%         2
 Inner Flame              Hex/Fire       6%         N/A       32%         3
 Cause Fear               Hex            6%         N/A       41%         4
 Spider Form              Tmut/Pois      1%         N/A       58%         3
 Anguish                  Hex/Necr       3%         N/A       71%         4


Dungeon Overview and Level Annotations

Branches:
Dungeon (3/15)

Altars:
Yredelemnul


Innate Abilities, Weirdness & Mutations

Armour fits poorly on your strangely shaped body.
You are robust. (+10% HP)


Message History

The arrow barely misses the frilled lizard.
You shoot an arrow. The arrow hits the frilled lizard.
You kill the frilled lizard!
HP restored.
There is an open door here.
Things that are here:
a +0 hunting sling; a +0 club
Found a spear.
You see here a +0 spear.
i - a scroll labelled HYCHASTUWOI
Found a stone staircase leading up.
There is a stone staircase leading up here.
There is a stone staircase leading up here.
You see here a +0 spear.
You now have 206 gold pieces (gained 12).
A kobold comes into view. It is wielding a +1 whip of distortion.
The kobold shouts!
You shoot an arrow. The arrow hits the kobold.
The kobold is moderately wounded.
The kobold throws a stone.
The stone barely misses you.
You shoot an arrow. The arrow hits the kobold.
You kill the kobold!
A black mist starts to gather...
You swap places.
Things that are here:
a +1 whip of distortion; 2 stones
Found 3 poisoned darts.
A bat comes into view.
You shoot an arrow. The arrow hits the bat!
You kill the bat!
A black mist starts to gather...
Found a robe.
A goblin comes into view.
It is wielding a +0 dagger and carrying a wand of acid (9).
You swap places.
You shoot an arrow. The arrow completely misses the goblin.
You shoot an arrow. The arrow closely misses the goblin.
The goblin zaps a wand.
The bolt of acid hits you!!
Ouch! That really hurt!
You die...
Your body rises from the dead as a mindless zombie.

#.....#
..........
#.....##
.......[#
#.......
.......#
#.####.# ...g..#
#.# #.# .....
#.# #.# ... #.#
#.# #.# #.# #<.
#@# #.# #.. #Z##
#.# #.. #Z.# #.#
#.. ##.# #.# #..
#.## #.# #..
####..# #.# #..
##.....## #.#
#.. #.......#
#.# #..
#.......######.#
#..


You could see a goblin (ally target), a friendly bat zombie and a friendly
kobold zombie.

Vanquished Creatures
  2 adders (D:2)
  3 ball pythons
  3 bats
  3 endoplasms
  A giant cockroach (D:1)
  4 goblins
  7 hobgoblins
  3 quokkas
  4 frilled lizards
  4 kobolds
  3 rats (D:1)
37 creatures vanquished.

Vanquished Creatures (collateral kills)
  An endoplasm (D:2)
  A giant cockroach (D:2)
  A goblin (D:1)
3 creatures vanquished.

Vanquished Creatures (others)
  A bat zombie (D:1)
  A goblin zombie (D:1)
  A hobgoblin zombie (D:2)
3 creatures vanquished.

Grand Total: 43 creatures vanquished

Notes
Turn   | Place    | Note
-------+----------+-------------------------------------------
     0 | D:1      | testman the Deep Elf Arcane Marksman began the quest for
                  | the Orb.
     0 | D:1      | Reached XP level 1. HP: 11/11 MP: 5/5
    63 | D:1      | Reached skill level 1 in Fighting
   105 | D:1      | Reached XP level 2. HP: 16/16 MP: 4/6
   130 | D:1      | Found a faded altar of an unknown god.
   151 | D:1      | Prayed at the altar of an unknown god.
   151 | D:1      | Became a worshipper of Yredelemnul the Dark
   151 | D:1      | Reached * piety under Yredelemnul
   900 | D:2      | Gained mutation: Armour fits poorly on your strangely
                  | shaped body. [potion of mutation]
   900 | D:2      | Gained mutation: You are robust. (+10% HP) [potion of
                  | mutation]
   905 | D:2      | Reached XP level 3. HP: 4/23 MP: 7/7
   909 | D:2      | Learned a level 3 spell: Portal Projectile
  1301 | D:2      | HP: 1/23 [poisoned by an adder]
  1313 | D:2      | Reached skill level 1 in Invocations
  2206 | D:3      | Killed from afar by a goblin

Illustrated notes

Levels and vault maps discovered:
D:1:      tarquinn_simple_flora_water_b, layout_loops_ring,
          chequers_ecumenical_altar_island
D:2:      layout_rooms
D:3:      layout_basic, minmay_cut_off

Skill      XL: |  1  2  3 |
---------------+----------+-----
Fighting       | 1 |  1.8
Bows           | 3 4 |  4.0
Invocations    | 1 |  1.3
Dodging        | |  2.4
Spellcasting   | |  1.5
Hexes          | |  4.1
Translocations | |  0.6

Action                   || total
-------------------------++-------
 Fire: Shortbow          ||   119
 Cast: Slow              ||     1
  Use: Potion            ||     3
Armor: Robe              ||     4
Dodge: Dodged            ||    34

Table legend: (Time is in decaauts)
 A = Elapsed time spent in this place.
 B = Non-inter-level travel time spent in this place.
 C = Inter-level travel time spent in this place.
 D = Time resting spent in this place.
 E = Time spent auto-exploring this place.
 F = Levels seen in this place.
 G = Mean time per level.
                   A        B        C        D        E       F      G
               +--------+--------+--------+--------+--------+-----+--------+
         Total |   2248 |   2196 |     52 |    766 |   1150 |   3 |  749.3 |
       Dungeon |   2248 |   2196 |     52 |    766 |   1150 |   3 |  749.3 |
               +--------+--------+--------+--------+--------+-----+--------+

Top non-repeatable levels by time:
     D:2: 1164 daAuts
     D:1: 891 daAuts
     D:3: 192 daAuts
